 Dungeon Sprint DCSS version 0.26-a0-757-g626ac9e51a (webtiles) character file.

Game seed: 11527443905171322801

26497 rocky1 the Impaler (level 13, -9/106 HPs)
             Began as a Merfolk Ice Elementalist on Nov 8, 2020.
             Was the Champion of Sif Muna.
             Mangled by a fire giant
             ... wielding a +2 great sword of flaming
              (20 damage)
             ... in the Dungeon (Sprint VII: "The Pits").
             The game lasted 00:39:24 (7294 turns).

rocky1 the Impaler (Merfolk Ice Elementalist)       Turns: 7294, Time: 00:39:25

Health: -9/106     AC: 12    Str: 15    XL:     13   Next: 26%
Magic:  20/29      EV: 24    Int: 18    God:    Sif Muna [******]
Gold:   26         SH:  0    Dex: 16    Spells: 19/37 levels left

rFire    + . .     SeeInvis +   E - +8 quarterstaff of the Leaping Saviour {flame, rF+ rC+ Str+3}
rCold    + + .     Faith    .   (shield currently unavailable)
rNeg     . . .     Spirit   .   k - +0 leather armour
rPois    .         Reflect  .   (no helmet)
rElec    .         Harm     .   (no cloak)
rCorr    .         Rampage  .   (no gloves)
MR       +....     NoTele   +   x - +0 pair of boots
Stlth    ++........             (no amulet)
HPRegen  0.27/turn              w - ring of protection from cold
MPRegen  0.21/turn              C - ring of Obsession {MR+ Str+4 SInv}

@: icy armour, frozen ramparts
A: change form in water, swift swim, stealthy swim
a: Channel Magic, Forget Spell, Divine Exegesis, Renounce Religion


You were in the Dungeon.
You worshipped Sif Muna.
Sif Muna was exalted by your worship.
You visited 1 branch You collected 26 gold pieces.

Inventory:

Hand Weapons
 n - a +2 halberd of venom
 o - a +0 lajatang
 B - a +0 bardiche
 E - the +8 quarterstaff of the Leaping Saviour (weapon) {flame, rF+ rC+ Str+3}
   (You found it in the Dungeon)

   It has been specially enchanted to burn those struck by it, causing extra
   injury to most foes and up to half again as much damage against particularly
   susceptible opponents.
   It affects your strength (+3).
   It protects you from fire.
   It protects you from cold.
 F - a +6 trident of freezing
Armour
 k - a +0 leather armour (worn)
 x - a +0 pair of boots (worn)
Magical Staves
 b - an uncursed staff of cold
Jewellery
 a - a +3 ring of dexterity
 q - an uncursed ring of protection from cold
 w - a ring of protection from cold (left hand)
 y - the ring "Wuxkyumne" {*Drain rPois Str+6 Dex-4 Stlth+}
   (You found it in the Dungeon)

   [ring of strength]

   It affects your strength (+6).
   It affects your dexterity (-4).
   It protects you from poison.
   It causes draining when unequipped.
   It makes you more stealthy.
 z - an uncursed ring of poison resistance
 C - the ring of Obsession (right hand) {MR+ Str+4 SInv}
   (You took it off a deep elf death mage in the Dungeon)

   [ring of see invisible]

   It affects your strength (+4).
   It affects your resistance to hostile enchantments.
   It lets you see invisible.
 D - a +3 ring of protection
Wands
 h - a wand of enslavement (8)
Scrolls
 j - 6 scrolls of remove curse
 p - 3 scrolls of amnesia
 s - 2 scrolls of enchant weapon
 t - 2 scrolls of fog
 v - 2 scrolls of identify
Potions
 d - a potion of invisibility
 e - 4 potions of haste
 f - 4 potions of magic
 g - a potion of berserk rage
 l - 6 potions of might
 m - a potion of brilliance
 r - a potion of resistance
 A - 2 potions of mutation
Miscellaneous
 i - a lightning rod (4/4)


   Skills:
 - Level 11.2 Fighting
 - Level 16.0 Polearms
 + Level 1.4(6.5) Staves
 - Level 5.5 Armour
 - Level 15.8 Dodging
 - Level 2.1 Stealth
 + Level 12.9 Spellcasting
 + Level 8.1 Conjurations
 + Level 5.2 Translocations
 + Level 15.5 Ice Magic
 + Level 8.2 Air Magic
 - Level 13.3 Invocations


You had 19 spell levels left.
You knew the following spells:

 Your Spells              Type           Power        Failure   Level
b - Frozen Ramparts       Ice            ######       1%          3
c - Ozocubu's Armour      Ice            ######..     1%          3
d - Hailstorm             Conj/Ice       ######..     1%          4
f - Blink                 Tloc           N/A          1%          2
g - Freezing Cloud        Conj/Ice/Air   #####.....   14%         6

Your spell library contained the following spells:

 Spells                   Type           Power        Failure   Level
 Freeze                   Ice            ####         0%          1
 Apportation              Tloc           ####..       1%          1
 Foxfire                  Conj/Fire      ####         1%          1
 Magic Dart               Conj           ####         1%          1
 Shock                    Conj/Air       ####         1%          1
 Ensorcelled Hibernation  Hex/Ice        #####.       1%          2
 Poisonous Vapours        Pois/Air       ####..       1%          2
 Swiftness                Air            #####...     1%          2
 Static Discharge         Conj/Air       #####...     1%          3
 Ozocubu's Refrigeration  Ice            ######....   1%          6
 Gell's Gravitas          Tloc           ####......   2%          3
 Mephitic Cloud           Conj/Pois/Air  ####....     2%          3
 Airstrike                Air            #####.....   2%          4
 Ice Form                 Ice/Tmut       #####...     3%          4
 Summon Ice Beast         Ice/Summ       #####...     3%          4
 Conjure Flame            Conj/Fire      ####....     4%          3
 Dazzling Flash           Conj/Hex       ####..       4%          3
 Stone Arrow              Conj/Erth      ####..       4%          3
 Iskenderun's Mystic Bla  Conj/Tloc      #####...     4%          4
 Animate Skeleton         Necr           ##....       7%          1
 Corona                   Hex            ##.....      7%          1
 Pain                     Necr           ##..         7%          1
 Sandblast                Erth           ##....       7%          1
 Sting                    Tmut/Pois      ##..         7%          1
 Summon Small Mammal      Summ           ##..         7%          1
 Iskenderun's Battlesphe  Conj           #####...     7%          5
 Lightning Bolt           Conj/Air       #####.....   7%          5
 Portal Projectile        Hex/Tloc       ###...       8%          3
 Metabolic Englaciation   Hex/Ice        #####.....   9%          5
 Call Imp                 Summ           ##......     11%         2
 Slow                     Hex            ##......     11%         2
 Sublimation of Blood     Necr           ##........   11%         2
 Wereblood                Tmut           ##......     11%         2
 Fulminant Prism          Conj/Hex       ####......   13%         4
 Sticky Flame             Conj/Fire      ####....     13%         4
 Summon Lightning Spire   Summ/Air       ####....     13%         4
 Call Canine Familiar     Summ           ##......     22%         3
 Ignite Poison            Fire/Tmut/Pois ##......     22%         3
 Inner Flame              Hex/Fire       ##......     22%         3
 Summon Guardian Golem    Hex/Summ       ##......     22%         3
 Tukima's Dance           Hex            ##......     22%         3
 Vampiric Draining        Necr           ##........   22%         3
 Silence                  Hex/Air        ####......   34%         5
 Fireball                 Conj/Fire      ####......   36%         5
 Irradiate                Conj/Tmut      ####......   36%         5
 Simulacrum               Ice/Necr       #####.....   41%         6
 Bolt of Magma            Conj/Fire/Erth ###.......   54%         5
 Animate Dead             Necr           ##........   56%         4
 Cause Fear               Hex            ##........   56%         4
 Olgreb's Toxic Radiance  Pois           ##......     56%         4
 Petrify                  Tmut/Erth      ##......     56%         4
 Summon Forest            Summ/Tloc      ###.......   56%         5
 Dispersal                Tloc           ####......   77%         6
 Agony                    Necr           ##......     89%         5
 Alistair's Intoxication  Tmut/Pois      ##.......    89%         5
 Borgnjor's Vile Clutch   Necr/Erth      ##........   89%         5
 Summon Demon             Summ           ##........   89%         5
 Yara's Violent Unravell  Hex/Tmut       ##........   89%         5
 Iron Shot                Conj/Erth      ####......   90%         6
 Shadow Creatures         Summ           N/A          100%        6
 Spellforged Servitor     Conj/Summ      ####......   100%        7
 Summon Hydra             Summ           ##........   100%        7
 Chain Lightning          Conj/Air       #####.....   100%        8
 Discord                  Hex            ##........   100%        8
 Disjunction              Tloc           ####......   100%        8
 Necromutation            Tmut/Necr      ##........   100%        8
 Tornado                  Air            #####.....   100%        9


Dungeon Overview and Level Annotations

Branches:
Dungeon (1/1)

Altars:
Ashenzari
Cheibriados
Dithmenos
Elyvilon
Fedhas
Gozag
Hepliaklqana
Kikubaaqudgha
Makhleb
Nemelex Xobeh
Okawaru
Qazlal
Ru
Sif Muna
Trog
Uskayaw
Vehumet
Wu Jian
Xom
Yredelemnul
Zin
The Shining One
Beogh
Jiyva
Lugonu


Message History

As you read the scroll of fear, it crumbles to dust.
You assume a fearsome visage.
The wind drake looks frightened!
The alligator looks frightened!
The fire giant looks frightened!
The wall freezes the wind drake!
Your attack snaps the wind drake out of its fear.
You feel better.
The wall freezes the fire giant!
Your attack snaps the fire giant out of its fear.
The fire giant hits you with a +2 great sword of flaming!
* * * LOW HITPOINT WARNING * * *
The heat melts your icy armour.
You feel better.
The wall freezes the fire giant.
The fire giant hits you with a +2 great sword of flaming.
* * * LOW HITPOINT WARNING * * *
The heat melts your icy armour.
Unknown command.
You hit the fire giant.
The fire giant is moderately wounded.
The wall freezes the fire giant.
The fire giant hits you with a +2 great sword of flaming!!
You die...

+## #####++##### ..t.###
#..........#
#......#####[.........#
e....k....''..#....#..#
.....C....''...t......#
############..........#
#################C.#....#..#
...............'@.....k....#
.[.............''..........#
'############..##..#....#..#
#)#.#.#.#.#.#..##..........+
.#)#.#.#.#.##..##..........+
#.#.#?#.#.#.#..####''####''#
.#.#)#.#.#.##..####''####''######
#.#)#.#.#.#.#..##......##........
#############..##.#'##.##..).....


You could see a fire giant, an alligator (fleeing, slow) and a wind drake
(repels missiles, fleeing).

Vanquished Creatures
  A deep elf blademaster (D)
  Agnes (D)
  A ghost moth (D)
  A minotaur (D)
  A deep elf death mage (D)
  A green death (D)
  A two-headed ogre (D)
  An orc high priest (D)
  A spriggan berserker (D)
  Sonja (D)
  A soul eater (D)
  A shadow wraith (D)
  A deep troll (D)
  2 lindwurms (D)
  2 phantasmal warriors (D)
  An orc knight (D)
  2 ugly things (D)
  3 manticores (D)
  An elephant (D)
  2 deep elf magi (D)
  4 slime creatures (D)
  A molten gargoyle (D)
  A rust devil (D)
  2 orange demons (D)
  A gargoyle (D)
  2 cane toads (D)
  Joseph (D)
  A kobold demonologist (D)
  2 ice devils (D)
  2 hellwings (D)
  A guardian mummy (D)
  A troll (D)
  A hornet (D)
  2 tyrant leeches (D)
  A flying skull (D)
  A shadow (D)
  2 spriggans (D)
  A water elemental (D)
  A ynoxinul (D)
  A wyvern (D)
  2 neqoxecs (D)
  A warg (D)
  Menkaure (D)
  5 insubstantial wisps (D)
  2 acid dragons (D)
  A water moccasin (D)
  2 orc warriors (D)
  A floating eye (D)
  An eye of draining (D)
  2 large abominations (D)
  3 ogres (D)
  9 wolves (D)
  2 bullfrogs (D)
  4 wights (D)
  A hound (D)
  2 quasits (D)
  An iron imp (D)
  Ijyb (D)
  An orc wizard (D)
  A worker ant (D)
  2 mummies (D)
  2 adders (D)
  A gnoll (D)
  An ufetubus (D)
  An adder zombie (D)
  An adder skeleton (D)
  2 leopard geckos (D)
  4 orcs (D)
  A goblin (D)
  2 hobgoblins (D)
  6 jackals (D)
  A quokka (D)
  A giant cockroach zombie (D)
  2 kobolds (D)
  A leopard gecko skeleton (D)
  A leopard gecko zombie (D)
127 creatures vanquished.

Vanquished Creatures (others)
  An orc wizard (D)
1 creature vanquished.

Grand Total: 128 creatures vanquished

Notes
Turn   | Place    | Note
-------+----------+-------------------------------------------
     0 | D        | rocky1 the Merfolk Ice Elementalist began the quest for the
                  | Orb.
     0 | D        | Reached XP level 1. HP: 13/13 MP: 3/3
    30 | D        | Found a bloodstained altar of Trog.
    30 | D        | Found a shimmering blue altar of Sif Muna.
    30 | D        | Found a viscous altar of Jiyva.
    30 | D        | Found a hazy altar of Hepliaklqana.
    30 | D        | Found an opulent altar of Gozag.
    31 | D        | Found a glowing golden altar of the Shining One.
    31 | D        | Found a glowing silver altar of Zin.
    31 | D        | Found a basalt altar of Yredelemnul.
    31 | D        | Found a shimmering altar of Xom.
    31 | D        | Found an ornate altar of the Wu Jian Council.
    31 | D        | Found a sacrificial altar of Ru.
    31 | D        | Found a stormy altar of Qazlal.
    31 | D        | Found an iron altar of Okawaru.
    31 | D        | Found a sparkling altar of Nemelex Xobeh.
    31 | D        | Found a burning altar of Makhleb.
    31 | D        | Found a blossoming altar of Fedhas.
    31 | D        | Found a white marble altar of Elyvilon.
    31 | D        | Found a shadowy altar of Dithmenos.
    31 | D        | Found a snail-covered altar of Cheibriados.
    33 | D        | Found a radiant altar of Vehumet.
    33 | D        | Found a corrupted altar of Lugonu.
    33 | D        | Found a roughly hewn altar of Beogh.
    34 | D        | Found a hide-covered altar of Uskayaw.
    34 | D        | Found an ancient bone altar of Kikubaaqudgha.
    34 | D        | Found a broken altar of Ashenzari.
    36 | D        | Became a worshipper of Sif Muna the Loreminder
   103 | D        | Noticed a floating eye
   110 | D        | Reached skill level 1 in Fighting
   110 | D        | Reached skill level 1 in Polearms
   110 | D        | Reached skill level 5 in Ice Magic
   110 | D        | Reached skill level 1 in Invocations
   114 | D        | Paralysed by a floating eye for 2 turns
   120 | D        | Killed a floating eye
   120 | D        | Reached skill level 4 in Polearms
   120 | D        | Reached skill level 5 in Dodging
   120 | D        | Reached XP level 2. HP: 21/24 MP: 1/6
   120 | D        | Reached XP level 3. HP: 26/29 MP: 1/8
   120 | D        | Reached XP level 4. HP: 31/35 MP: 1/9
   125 | D        | Learned a level 3 spell: Frozen Ramparts
   129 | D        | Learned a level 3 spell: Ozocubu's Armour
   202 | D        | Reached * piety under Sif Muna
   204 | D        | Reached ** piety under Sif Muna
   242 | D        | Reached skill level 5 in Polearms
   242 | D        | Reached XP level 5. HP: 39/42 MP: 6/11
   245 | D        | Reached *** piety under Sif Muna
   350 | D        | Noticed an ogre
   351 | D        | Noticed a water moccasin
   360 | D        | Killed an ogre
   360 | D        | Reached skill level 6 in Polearms
   360 | D        | Reached skill level 5 in Invocations
   360 | D        | Reached XP level 6. HP: 27/50 MP: 5/13
   367 | D        | Reached skill level 5 in Fighting
   367 | D        | Reached skill level 7 in Polearms
   367 | D        | Reached skill level 5 in Spellcasting
   370 | D        | Reached **** piety under Sif Muna
   383 | D        | Killed a water moccasin
   383 | D        | Reached skill level 8 in Polearms
   383 | D        | Reached XP level 7. HP: 26/58 MP: 15/15
   556 | D        | Noticed Ijyb
   579 | D        | Killed Ijyb
   614 | D        | Noticed a deep elf mage
   620 | D        | Killed a deep elf mage
   620 | D        | Reached skill level 9 in Polearms
   620 | D        | Reached XP level 8. HP: 43/67 MP: 8/18
   738 | D        | Learned a level 4 spell: Hailstorm
   743 | D        | Learned a level 4 spell: Summon Ice Beast
   751 | D        | Reached ***** piety under Sif Muna
   751 | D        | Received a gift from Sif Muna
   768 | D        | Reached skill level 10 in Polearms
   771 | D        | Reached skill level 10 in Dodging
   780 | D        | Received a gift from Sif Muna
   967 | D        | Noticed a manticore
   976 | D        | Killed a manticore
   976 | D        | Reached skill level 11 in Polearms
   976 | D        | Reached skill level 10 in Ice Magic
   976 | D        | Reached XP level 9. HP: 58/75 MP: 14/20
  1063 | D        | Noticed a lindwurm
  1063 | D        | Noticed a cane toad
  1067 | D        | Killed a cane toad
  1073 | D        | Killed a lindwurm
  1073 | D        | Reached skill level 12 in Polearms
  1476 | D        | Noticed a two-headed ogre
  1493 | D        | Killed a two-headed ogre
  1493 | D        | Reached skill level 10 in Fighting
  1493 | D        | Reached skill level 10 in Invocations
  1678 | D        | Reached XP level 10. HP: 40/85 MP: 15/22
  1976 | D        | Noticed a large abomination
  1985 | D        | Killed a large abomination
  1985 | D        | Identified Sif Muna's Collected Works on Attacks (Sif Muna
                  | gifted it to you in the Dungeon)
  1985 | D        | Received a gift from Sif Muna
  1985 | D        | Reached skill level 13 in Polearms
  2123 | D        | Noticed a catoblepas
  2123 | D        | Noticed an orange demon
  2136 | D        | Killed an orange demon
  2287 | D        | Noticed a phantasmal warrior
  2288 | D        | Noticed an orc knight
  2317 | D        | Killed a phantasmal warrior
  2317 | D        | HP: 4/129 [troll[an orc knight] (7)]
  2334 | D        | Killed an orc knight
  2334 | D        | Received a gift from Sif Muna
  2662 | D        | Noticed a manticore
  2803 | D        | Killed a manticore
  2803 | D        | Reached skill level 14 in Polearms
  2999 | D        | Noticed a gargoyle
  3010 | D        | Noticed an orange demon
  3015 | D        | Learned a level 2 spell: Blink
  3022 | D        | Learned a level 6 spell: Freezing Cloud
  3032 | D        | Killed a gargoyle
  3032 | D        | Reached skill level 1 in Conjurations
  3119 | D        | Killed an orange demon
  3119 | D        | Reached skill level 1 in Armour
  3119 | D        | Reached skill level 1 in Air Magic
  3287 | D        | Noticed a kobold demonologist
  3294 | D        | Killed a kobold demonologist
  3294 | D        | Reached skill level 10 in Spellcasting
  3294 | D        | Reached XP level 11. HP: 93/93 MP: 23/25
  3321 | D        | Noticed Menkaure
  3324 | D        | Killed Menkaure
  3324 | D        | Identified Sif Muna's Volume of Transmigration and the
                  | Entourage (Sif Muna gifted it to you in the Dungeon)
  3324 | D        | Received a gift from Sif Muna
  3334 | D        | Noticed a lindwurm
  3414 | D        | Killed a lindwurm
  3709 | D        | HP: 3/93 [something (3)]
  3710 | D        | Killed a shadow wraith
  4146 | D        | Noticed an orc high priest
  4146 | D        | Noticed Agnes
  4148 | D        | Identified Pimoxt's Handbook of Mutagenic Necromancy (Sif
                  | Muna gifted it to you in the Dungeon)
  4148 | D        | Received a gift from Sif Muna
  4148 | D        | Noticed Sonja
  4150 | D        | Noticed a manticore
  4153 | D        | Killed Sonja
  4155 | D        | Killed an orc high priest
  4155 | D        | Reached skill level 15 in Polearms
  4161 | D        | Killed Agnes
  4162 | D        | Killed a manticore
  4162 | D        | Received a gift from Sif Muna
  4715 | D        | Reached ****** piety under Sif Muna
  4807 | D        | Noticed a cyan ugly thing
  4824 | D        | Received a gift from Sif Muna
  4827 | D        | Killed a cyan ugly thing
  4835 | D        | Reached XP level 12. HP: 84/100 MP: 1/27
  4837 | D        | Reached skill level 15 in Dodging
  4864 | D        | Noticed Joseph
  4869 | D        | Killed Joseph
  4869 | D        | Identified Sif Muna's Incunabulum of Curses (Sif Muna
                  | gifted it to you in the Dungeon)
  4869 | D        | Received a gift from Sif Muna
  5083 | D        | Got the ring "Wuxkyumne" {*Drain rPois Str+6 Dex-4 Stlth+}
  5267 | D        | Noticed a deep elf blademaster
  5267 | D        | Noticed a green death
  5270 | D        | Reached skill level 5 in Air Magic
  5274 | D        | Killed a deep elf blademaster
  5274 | D        | Reached skill level 16 in Polearms
  5274 | D        | Reached skill level 5 in Armour
  5274 | D        | Reached skill level 5 in Conjurations
  5274 | D        | Killed a green death
  5288 | D        | HP: 4/100 [something (11)]
  5299 | D        | Killed a ghost moth
  5303 | D        | Identified Sif Muna's Compendium of Beguiling and Damage
                  | Dealing (Sif Muna gifted it to you in the Dungeon)
  5303 | D        | Received a gift from Sif Muna
  5922 | D        | Noticed a deep elf death mage
  5923 | D        | Identified the ring of Obsession {MR+ Str+4 SInv}
  5938 | D        | Identified the cursed +0 plate armour "Naggog" {rCorr Dex+7
                  | Slay+2}
  5939 | D        | Killed a deep elf death mage
  5939 | D        | Reached skill level 1 in Translocations
  5944 | D        | Received a gift from Sif Muna
  6420 | D        | Received a gift from Sif Muna
  6430 | D        | Reached XP level 13. HP: 46/106 MP: 23/29
  6451 | D        | Reached skill level 15 in Ice Magic
  6467 | D        | Identified Sif Muna's Incunabulum of Ashen Changing (Sif
                  | Muna gifted it to you in the Dungeon)
  6467 | D        | Received a gift from Sif Muna
  6468 | D        | Noticed a minotaur
  6493 | D        | Killed a minotaur
  6950 | D        | Got the Almanac of Stones and the Birds
  6956 | D        | Got the +8 quarterstaff of the Leaping Saviour {flame, rF+
                  | rC+ Str+3}
  7072 | D        | Reached skill level 5 in Translocations
  7077 | D        | Identified Sif Muna's Compendium of Creative Heat (Sif Muna
                  | gifted it to you in the Dungeon)
  7077 | D        | Received a gift from Sif Muna
  7077 | D        | Reached skill level 1 in Staves
  7271 | D        | Noticed a fire giant
  7292 | D        | HP: 3/106 [fire giant/+2 great sword of flaming (9)]
  7294 | D        | Mangled by a fire giant

Illustrated notes

Levels and vault maps discovered:
D:        pitsprint [storerooms_1, entrance_room_1, metal_vault_7, armoury_2,
          mini_pit_1, grid_room_1, main_hall_1, silver_pit, the_coven_3,
          the_vestibule_1, steel_vault_1, golden_pit, hallway_of_sentries,
          crystal_vault_1, iron_vault_5, final_vault]

Skill      XL: |  1  2  3  4  5  6  7  8  9 10 11 12 13 |
---------------+----------------------------------------+-----
Fighting       | 3 4 6 7 8 10 11 | 11.2
Polearms       | 4 5 6 8 9 11 12 14 15 16 | 16.0
Dodging        | 5 6 8 9 10 12 13 14 15 | 15.8
Ice Magic      | 6 7 8 9 10 11 12 13 14 15 | 15.5
Invocations    | 3 5 6 7 8 10 11 12 13 | 13.3
Spellcasting   | 3 4 5 6 7 8 10 11 12 | 12.9
Conjurations   | 1 4 7 8 |  8.1
Armour         | 1 4 5 |  5.5
Air Magic      | 1 4 7 8 |  8.2
Translocations | 3 5 |  5.2
Staves         | 1 |  1.4
Stealth        | |  2.1

Action                   |  1- 3 |  4- 6 |  7- 9 | 10-12 | 13-15 || total
-------------------------+-------+-------+-------+-------+-------++-------
Melee: Unarmed           |    12 |       |       |       |       ||    12
       Trident           |     7 |    31 |    45 |       |       ||    83
       Halberd           |       |       |    26 |   231 |    54 ||   311
       Quarterstaff      |       |       |       |       |    10 ||    10
 Cast: Freeze            |     4 |       |       |       |       ||     4
       Frozen Ramparts   |       |     5 |     7 |    18 |     7 ||    37
       Ozocubu's Armour  |       |     1 |     6 |    15 |     5 ||    27
       Hailstorm         |       |       |     2 |    42 |     8 ||    52
       Freezing Cloud    |       |       |       |     2 |       ||     2
Invok: Channel Magic     |       |     2 |       |     5 |     1 ||     8
       Divine Exegesis   |       |       |       |     2 |       ||     2
  Use: Potion            |     1 |       |     1 |    19 |     6 ||    27
       Scroll            |       |       |       |     2 |     3 ||     5
 Stab: Sleeping          |     1 |       |       |     1 |       ||     2
Armor: Robe              |     4 |     2 |     4 |       |       ||    10
       Leather armour    |       |       |     7 |    68 |     3 ||    78
Dodge: Dodged            |    14 |    12 |    53 |   258 |    32 ||   369

Table legend: (Time is in decaauts)
 A = Elapsed time spent in this place.
 B = Non-inter-level travel time spent in this place.
 C = Inter-level travel time spent in this place.
 D = Time resting spent in this place.
 E = Time spent auto-exploring this place.
 F = Levels seen in this place.
 G = Mean time per level.
                   A        B        C        D        E       F      G
               +--------+--------+--------+--------+--------+-----+--------+
         Total |   7232 |   7232 |      0 |   5314 |      0 |   1 | 7232.0 |
       Dungeon |   7232 |   7232 |      0 |   5314 |      0 |   1 | 7232.0 |
               +--------+--------+--------+--------+--------+-----+--------+

Top non-repeatable levels by time:
       D: 7232 daAuts
